 Dungeon Crawl Stone Soup version 0.32-a0-20-ge526923d97 (console) character file.

Game seed: 16334719894445273422

176 Zeia the Grave Robber (level 5, -2/42 HPs)
             Began as a Demonspawn Necromancer on Jan 17, 2024.
             Slain by a phantom (7 damage)
             ... on level 4 of the Dungeon.
             The game lasted 00:08:50 (2562 turns).

Zeia the Grave Robber (Demonspawn Necromancer)      Turns: 2562, Time: 00:08:50

Health: -2/42      AC:  3    Str:  8    XL:     5   Next: 30%
Magic:  8/8        EV: 12    Int: 18    God:
Gold:   156        SH:  0    Dex: 13    Spells: 7/8 levels left

rFire   . . .        t - +0 whip (freeze)
rCold   . . .        (no shield)
rNeg    . . .        a - +0 robe
rPois   .            (no helmet)
rElec   .            (no cloak)
rCorr   .            (no gloves)
SInv    .            (no boots)
Will    .....        (no amulet)
Stlth   ++           (no ring)
HPRegen 0.27/turn    (no ring)
MPRegen 0.11/turn

%: no passive effects
@: attractive
A: rugged brown scales 1, ignite blood 1
a: no special abilities


You were on level 4 of the Dungeon.
You visited 1 branch of the dungeon, and saw 4 of its levels.

You collected 156 gold pieces.

Inventory:

Hand Weapons
 j - a +0 dagger
 n - a +0 mace
 q - a +2 long sword of protection
 t - a +0 whip of freezing (weapon)
Armour
 a - a +0 robe (worn)
 p - a +0 ring mail
Wands
 m - a wand of flame (28)
Scrolls
 c - a scroll of identify {unknown}
 d - a scroll of revelation {unknown}
 e - 9 scrolls of teleportation {unknown}
 f - 2 scrolls of blinking {unknown}
 i - 3 scrolls of fog {unknown}
 l - a scroll of vulnerability {unknown}
 u - a scroll of immolation {unknown}
Potions
 b - a potion of magic
 g - a potion of degeneration {unknown}
 h - a potion of curing {unknown}
 k - a potion of attraction
 o - a potion of enlightenment {unknown}
 r - a potion of mutation {unknown}
 s - a potion of invisibility {unknown}
 v - a potion of ambrosia {unknown}


   Skills:
 - Level 3.0 Fighting
 * Level 2.7 Maces & Flails
 - Level 1.7 Dodging
 - Level 1.7 Stealth
 - Level 2.0 Spellcasting
 + Level 5.1 Necromancy


You had 7 spell levels left.
You knew the following spells:

 Your Spells              Type           Power      Damage    Failure   Level
a - Necrotise             Necr           80%        1d8       2%          1

Your spell library contained the following spells:

 Spells                   Type           Power      Damage    Failure   Level
 Fugue of the Fallen      Necr           20%        N/A       7%          3
 Vampiric Draining        Necr           20%        2d7       7%          3
 Animate Dead             Necr           20%        N/A       22%         4
 Blink                    Tloc           2%         N/A       26%         2
 Lesser Beckoning         Tloc           2%         N/A       26%         2
 Momentum Strike          Conj/Tloc      2%         3d8       26%         2
 Gell's Gravitas          Tloc           1%         N/A       47%         3
 Ozocubu's Armour         Ice            1%         N/A       47%         3
 Teleport Other           Tloc           1%         N/A       47%         3
 Curse of Agony           Necr           20%        N/A       52%         5
 Manifold Assault         Tloc           1%         N/A       87%         4
 Dispersal                Tloc           0%         N/A       100%        6
 Haunt                    Necr/Summ      5%         N/A       100%        7
 Borgnjor's Revivificati  Necr           10%        N/A       100%        8
 Death's Door             Necr           10%        N/A       100%        9


Dungeon Overview and Level Annotations

Branches:
Dungeon (4/15)
 Temple: D:4-7

Altars:


Innate Abilities, Weirdness & Mutations

You are partially covered in rugged brown scales. (AC +1, +3% HP)
Your demonic aura sometimes causes spilled blood to erupt in flames.


Message History

The phantom hits you.
The phantom blinks!
You blink.
You hit the phantom but do no damage.
The phantom is moderately damaged.
The phantom hits you!
* * * LOW HITPOINT WARNING * * *
You hit the phantom but do no damage.
The phantom is moderately damaged.
The phantom barely misses you.
You hit the phantom but do no damage.
The phantom is moderately damaged.
The phantom hits you.
* * * LOW HITPOINT WARNING * * *
You hit the phantom.
The phantom is heavily damaged.
Aiming: Necrotise (safe; 2% risk of failure)
Press: ? - help, Q - select action, (/) - cycle Shift-Dir - straight line, f - you
Okay, then.
You barely miss the phantom.
The phantom is heavily damaged.
The phantom hits you.
* * * LOW HITPOINT WARNING * * *
You hit the phantom but do no damage.
The phantom is heavily damaged.
The phantom barely misses you.
It was a potion of attraction.
You feel attractive to monsters. The phantom closely misses you.
You hit the phantom.
The phantom is severely damaged.
The phantom barely misses you.
You closely miss the phantom.
The phantom is severely damaged.
The phantom closely misses you.
You hit the phantom.
The phantom is severely damaged.
The phantom barely misses you.
You closely miss the phantom.
The phantom is severely damaged.
The phantom hits you!
You die...

#..# #....# #..# ##.####
#..# #>.# #..# #.## #..#
#.# #..# #.#########
###..# #.#........
#....###.#.#######
#.#...............
#.######...######. #@#
#...# #W# #...# ##.####
#...# #. #.....# #.#.#
#... ####.....# #.#.##
#.
.......)...###.#..######
#####..........#..#.....
#......#####..#.....
#.#.#.## #........
#.#.#.# #.##.....
#.#.#.# #.##.....


You could see a phantom.

Vanquished Creatures
  A water moccasin (D:4)
  An iguana (D:4)
  A dart slug (D:2)
  2 orcs
  7 endoplasms
  2 giant cockroaches
  6 goblins
  6 hobgoblins
  A quokka (D:3)
  4 ball pythons
  3 bats
  4 frilled lizards
  A kobold (D:3)
  5 rats
44 creatures vanquished.

Vanquished Creatures (collateral kills)
  A bat (D:3)
1 creature vanquished.

Grand Total: 45 creatures vanquished

Notes
Turn   | Place    | Note
-------+----------+-------------------------------------------
     0 | D:1      | Zeia the Demonspawn Necromancer began the quest for the
                  | Orb.
     0 | D:1      | Reached XP level 1. HP: 13/13 MP: 3/3
    73 | D:1      | Reached skill level 1 in Fighting
   222 | D:1      | Gained mutation: You are partially covered in rugged brown
                  | scales. (AC +1, +3% HP) [demonic ancestry]
   222 | D:1      | Reached XP level 2. HP: 7/22 MP: 0/5
   671 | D:1      | Found a faded altar of an unknown god.
  1150 | D:2      | Reached XP level 3. HP: 28/28 MP: 3/6
  2348 | D:4      | Reached skill level 1 in Maces & Flails
  2348 | D:4      | Reached XP level 4. HP: 36/36 MP: 2/7
  2400 | D:4      | Noticed a water moccasin
  2406 | D:4      | Killed a water moccasin
  2407 | D:4      | Reached skill level 5 in Necromancy
  2407 | D:4      | Gained mutation: Your demonic aura sometimes causes spilled
                  | blood to erupt in flames. [demonic ancestry]
  2407 | D:4      | Reached XP level 5. HP: 42/42 MP: 4/8
  2527 | D:4      | Noticed a phantom
  2562 | D:4      | Slain by a phantom

Illustrated notes

Levels and vault maps discovered:
D:1:      dpeg_arrival_shrine, layout_basic,
          shapermc_ecumenical_altar_mp_urbaneastern, feat_on_display
D:2:      layout_loops_ring
D:3:      layout_basic, grunt_ministairs_6
D:4:      layout_basic, mainiacjoe_ossuary_entry_dusty_tomb

Skill      XL: |  1  2  3  4 |
---------------+-------------+-----
Fighting       | 1 2 3 |  3.0
Maces & Flails | 1 2 |  2.7
Necromancy     | 5 |  5.1
Dodging        | |  1.7
Stealth        | |  1.7
Spellcasting   | |  2.0

Action                     |  1- 3 |  4- 6 || total
---------------------------+-------+-------++-------
  Melee: Unarmed           |    11 |       ||    11
         Whip              |       |    30 ||    30
   Cast: Necrotise         |    72 |     5 ||    77
    Use: Potion            |       |     1 ||     1
 Armour: Robe              |    13 |    18 ||    31
  Dodge: Dodged            |    14 |    13 ||    27

Table legend: (Time is in decaauts)
 A = Elapsed time spent in this place.
 B = Non-inter-level travel time spent in this place.
 C = Inter-level travel time spent in this place.
 D = Time resting spent in this place.
 E = Time spent auto-exploring this place.
 F = Levels seen in this place.
 G = Mean time per level.
                   A        B        C        D        E       F      G
               +--------+--------+--------+--------+--------+-----+--------+
         Total |   2563 |   2469 |     94 |    409 |   1685 |   4 |  640.8 |
       Dungeon |   2563 |   2469 |     94 |    409 |   1685 |   4 |  640.8 |
               +--------+--------+--------+--------+--------+-----+--------+

Top non-repeatable levels by time:
     D:1: 935 daAuts
     D:2: 767 daAuts
     D:3: 589 daAuts
     D:4: 271 daAuts
